 Dungeon Sprint DCSS version 0.23.2-1-ga50397a6bc (webtiles) character file.

Game seed: 5728968533972310228

4300000 Grohoret the Intangible (level 26, -60/290 HPs)
             Began as a Deep Dwarf Assassin on May 17, 2019.
             Was the Champion of Makhleb.
             Annihilated by a destroyer
             ... wielding a +9 great sword of slicing
              (212 damage)
             ... in the Dungeon (Sprint VIII: "Arena of Blood").
             The game lasted 00:03:55 (43 turns).

Grohoret the Intangible (Deep Dwarf Assassin)         Turns: 43, Time: 00:03:57

Health: -60/290    AC:  6    Str: 24    XL:     26   Next: 87%
Magic:  28/54      EV: 32    Int: 14    God:    Makhleb [******]
Gold:   0          SH:  0    Dex: 15    Spells: 79/79 levels left

rFire    . . .     SeeInvis .   n - +∞ Axe of Woe
rCold    . . .     Gourm    .   (shield currently unavailable)
rNeg     + . .     Faith    .   c - +0 robe
rPois    .         Spirit   .   (no helmet)
rElec    .         Reflect  .   d - +0 cloak
rCorr    .         Harm     .   (no gloves)
MR       +++..     NoTele   +   (no boots)
Stlth    +++++++++.             (no amulet)
HPRegen  0.00/turn              (no ring)
MPRegen  0.34/turn              (no ring)

@: non-regenerating
A: damage resistance, heal wounds, negative energy resistance 1, sense
surroundings 3, no regeneration
a: Heal Wounds, Minor Destruction, Lesser Servant of Makhleb, Major Destruction,
Greater Servant of Makhleb, Renounce Religion


You were in the Dungeon.
You worshipped Makhleb.
Makhleb was exalted by your worship.
You were not hungry.

You visited 1 branch

Inventory:

Hand Weapons
 a - a +2 dagger
 b - a +0 blowgun
 n - the +∞ Axe of Woe (weapon)
   (You found it in the Dungeon)
Missiles
 e - 8 poisoned needles
 f - 2 curare-tipped needles
Armour
 c - a +0 robe (worn)
 d - a +0 cloak (worn)
Scrolls
 m - a scroll of blinking
Potions
 h - a potion of curing
 i - a potion of heal wounds
 j - a potion of haste
 k - 2 potions of magic
 l - a potion of berserk rage
Comestibles
 g - a ration


   Skills:
 O Level 27 Fighting
 O Level 27 Short Blades
 O Level 27 Axes
 O Level 27 Throwing
 O Level 27 Armour
 O Level 27 Dodging
 O Level 27 Stealth
 O Level 27 Unarmed Combat
 O Level 27 Spellcasting
 O Level 27 Invocations


You had 79 spell levels left.
You didn't know any spells.
Your spell library was empty.

Dungeon Overview and Level Annotations

Branches:
Dungeon (1/1)

Altars:
Makhleb


Innate Abilities, Weirdness & Mutations

You are resistant to damage.
You can heal yourself by infusing magical energy.
You resist negative energy. (rN+)
You passively map a large area around you.
You do not regenerate.


Message History

A hydra, 7 orcs and a crawling corpse come into view.
The eight-headed meat hydra roars!
You hear a shout! x5
A bag of meat comes into view. It is wielding a +9 war axe.
You hear a shout! x4
The eight-headed meat hydra calls on the powers of darkness!
The eight-headed meat hydra convulses!
Something is bathed in an unholy light!
The bag of meat convulses! x4; Something is bathed in an unholy light! x2
The large bag of meat convulses!
The bag of meat convulses!
The meat berserker convulses!
The bag of meat convulses!
The meat berserker convulses!
Something is bathed in an unholy light!
The bag of meat convulses! x3; The meat berserker convulses!
Something is bathed in an unholy light!
The bag of meat convulses!
Something is bathed in an unholy light!
The large bag of meat convulses!
The bag of meat convulses! x2; Something is bathed in an unholy light! x2
Your body is wracked with pain!
The bag of meat convulses!
Something is bathed in an unholy light! x7
You hear a shout! x2
The destroyer hits you with a +9 great sword of slicing!!!!!
Ouch! That really hurt!
You die...

*
.....o§.z....###)V.....#
* ,
..ooVo.oO.V..§○#o)☼..%.#
,
oooooooo..xx§☼☼#)°○....#
.O.OOO#o..z...§))○°.....
*
,.o.oo#.#V#Oo.....°§.....
,
DoVoL.#o#Oxo..x.........
#ooO#O#V#.xz........... *
, #oo.#x#O....#.%%%....#
#oo..@VV.§...........#
.o..##.......##.#.......
* .O ##................ *
...####....# , #....
,,..., , , ####..,, .. ,
, , ## , , , , * *


You could see an eight-headed meat hydra, 4 destroyers, 2 sculptors of flesh, 3
large bags of meat, 5 meat berserkers, 16 bags of meat and 4 crawling corpses.

Vanquished Creatures
  4 vampire knights (D)
  17 ogres (D)
  6 two-headed ogres (D)
  22 orcs (D)
49 creatures vanquished.

Notes
Turn   | Place    | Note
-------+----------+-------------------------------------------
     0 | D        | Found the +∞ Axe of Woe
     0 | D        | Grohoret the Deep Dwarf Assassin began the quest for the
                  | Orb.
     0 | D        | Reached XP level 1. HP: 19/19 MP: 1/1
     2 | D        | Noticed a bag of meat
     3 | D        | Noticed a bag of meat
     4 | D        | Became a worshipper of Makhleb the Destroyer
     6 | D        | Noticed a bag of meat
     6 | D        | Noticed a meat berserker
     7 | D        | Noticed a meat berserker
     7 | D        | Noticed a meat berserker
     7 | D        | Noticed a bag of meat
     7 | D        | Noticed a bag of meat
     8 | D        | Killed a bag of meat
     8 | D        | Reached skill level 10 in Short Blades
     8 | D        | Reached skill level 10 in Throwing
     8 | D        | Reached skill level 15 in Dodging
     8 | D        | Reached XP level 2. HP: 49/49 MP: 2/2
     8 | D        | Reached XP level 3. HP: 56/56 MP: 3/3
     8 | D        | Reached XP level 4. HP: 64/64 MP: 4/4
     8 | D        | Reached XP level 5. HP: 72/72 MP: 5/5
     8 | D        | Reached XP level 6. HP: 80/80 MP: 6/6
     8 | D        | Reached XP level 7. HP: 87/87 MP: 7/7
     8 | D        | Reached XP level 8. HP: 96/96 MP: 8/8
     8 | D        | Gained mutation: You passively map the area around you.
                  | [Deep Dwarf growth]
     8 | D        | Reached XP level 9. HP: 103/103 MP: 9/9
     8 | D        | Reached XP level 10. HP: 111/111 MP: 10/10
     8 | D        | Reached XP level 11. HP: 118/118 MP: 11/11
     8 | D        | Noticed a meat berserker
     8 | D        | Noticed a meat berserker
     8 | D        | Noticed a bag of meat
     9 | D        | Killed a bag of meat
     9 | D        | Reached * piety under Makhleb
     9 | D        | Reached skill level 15 in Fighting
     9 | D        | Reached XP level 12. HP: 132/132 MP: 12/12
     9 | D        | Killed a bag of meat
     9 | D        | Reached XP level 13. HP: 142/142 MP: 13/13
     9 | D        | Noticed a bag of meat
     9 | D        | Noticed a bag of meat
     9 | D        | Noticed a bag of meat
     9 | D        | Noticed a bag of meat
    10 | D        | Noticed a bag of meat
    10 | D        | Killed a meat berserker
    10 | D        | Gained mutation: You resist negative energy. (rN+) [Deep
                  | Dwarf growth]
    10 | D        | Reached XP level 14. HP: 132/159 MP: 14/14
    10 | D        | Killed a meat berserker
    10 | D        | Reached ** piety under Makhleb
    10 | D        | Reached skill level 15 in Short Blades
    10 | D        | Reached skill level 15 in Throwing
    10 | D        | Reached XP level 15. HP: 171/171 MP: 15/15
    10 | D        | Killed a meat berserker
    10 | D        | Reached XP level 16. HP: 184/184 MP: 16/16
    10 | D        | Killed a meat berserker
    10 | D        | Noticed a meat berserker
    11 | D        | Reached *** piety under Makhleb
    11 | D        | Reached skill level 27 in Dodging
    11 | D        | Reached XP level 17. HP: 199/199 MP: 17/17
    11 | D        | Noticed a meat berserker
    12 | D        | Killed a meat berserker
    12 | D        | Reached **** piety under Makhleb
    12 | D        | Reached skill level 27 in Stealth
    12 | D        | Gained mutation: You passively map a large area around you.
                  | [Deep Dwarf growth]
    12 | D        | Reached XP level 18. HP: 186/217 MP: 18/18
    13 | D        | Noticed a meat berserker
    13 | D        | Killed a meat berserker
    13 | D        | Reached skill level 27 in Fighting
    13 | D        | Killed a meat berserker
    13 | D        | Reached skill level 27 in Armour
    13 | D        | Reached XP level 19. HP: 226/226 MP: 19/19
    13 | D        | Reached ***** piety under Makhleb
    13 | D        | Noticed a meat berserker
    13 | D        | Noticed a meat berserker
    14 | D        | Killed a meat berserker
    14 | D        | Reached skill level 27 in Short Blades
    14 | D        | Reached skill level 27 in Throwing
    14 | D        | Reached XP level 20. HP: 236/236 MP: 20/20
    14 | D        | Noticed a meat berserker
    15 | D        | Reached skill level 27 in Axes
    15 | D        | Reached skill level 5 in Invocations
    15 | D        | Reached skill level 10 in Spellcasting
    15 | D        | Reached skill level 15 in Invocations
    15 | D        | Noticed a large bag of meat
    16 | D        | Killed a meat berserker
    16 | D        | Reached skill level 15 in Unarmed Combat
    16 | D        | Reached XP level 21. HP: 244/244 MP: 20/39
    16 | D        | Reached ****** piety under Makhleb
    16 | D        | Reached skill level 15 in Spellcasting
    17 | D        | Noticed a large bag of meat
    18 | D        | Reached skill level 27 in Invocations
    19 | D        | Noticed a large bag of meat
    19 | D        | Noticed a destroyer
    19 | D        | Reached XP level 22. HP: 254/254 MP: 20/48
    20 | D        | Noticed a large bag of meat
    21 | D        | Noticed a large bag of meat
    22 | D        | Noticed a large bag of meat
    22 | D        | Reached skill level 27 in Unarmed Combat
    22 | D        | Reached skill level 27 in Spellcasting
    24 | D        | Killed a large bag of meat
    24 | D        | Reached XP level 23. HP: 262/262 MP: 22/54
    24 | D        | Killed a large bag of meat
    25 | D        | Killed a destroyer
    25 | D        | Killed a large bag of meat
    25 | D        | Reached XP level 24. HP: 272/272 MP: 22/54
    26 | D        | Killed a large bag of meat
    28 | D        | Noticed a destroyer
    28 | D        | Noticed a destroyer
    28 | D        | Killed a large bag of meat
    29 | D        | Noticed a destroyer
    29 | D        | Noticed a large bag of meat
    33 | D        | Reached XP level 25. HP: 225/280 MP: 24/54
    33 | D        | Killed a large bag of meat
    33 | D        | Noticed a destroyer
    34 | D        | Noticed a destroyer
    34 | D        | Noticed a destroyer
    34 | D        | Noticed a destroyer
    35 | D        | Noticed a destroyer
    35 | D        | Noticed a destroyer
    36 | D        | Noticed a destroyer
    38 | D        | Killed a destroyer
    38 | D        | Killed a destroyer
    38 | D        | Reached XP level 26. HP: 256/290 MP: 26/54
    38 | D        | Killed a destroyer
    40 | D        | Noticed a large bag of meat
    42 | D        | Noticed a large bag of meat
    42 | D        | Noticed a tyrant
    42 | D        | Noticed a large bag of meat
    42 | D        | Noticed a large bag of meat
    42 | D        | Noticed a destroyer
    42 | D        | Noticed a large bag of meat
    43 | D        | Annihilated by a destroyer

Skill      XL: |  1  2  3  4  5  6  7  8  9 10 11 12 13 14 15 16 17 18 19 20 21 22 |
---------------+-------------------------------------------------------------------+-----
Fighting       | 13 15 16 19 20 22 24 26 27 | 27.0
Short Blades   | 10 11 12 14 15 16 18 20 25 27 | 27.0
Throwing       | 10 11 12 14 15 16 18 20 25 27 | 27.0
Armour         | 11 13 14 16 17 18 20 23 27 | 27.0
Dodging        | 15 18 19 21 23 25 27 | 27.0
Stealth        | 14 16 17 19 20 22 24 27 | 27.0
Axes           | 21 27 | 27.0
Unarmed Combat | 15 24 27 | 27.0
Spellcasting   | 14 22 27 | 27.0
Invocations    | 20 27 | 27.0

Action                   |  1- 3 |  4- 6 |  7- 9 | 10-12 | 13-15 | 16-18 | 19-21 | 22-24 | 25-27 || total
-------------------------+-------+-------+-------+-------+-------+-------+-------+-------+-------++-------
Melee: Executioner's axe |     1 |       |       |     1 |     1 |     3 |     6 |     9 |     2 ||    23
Dodge: Dodged            |       |       |       |       |     2 |       |     2 |     1 |       ||     5
